 Dungeon Crawl Stone Soup version 0.31-a0-960-g0fca184906 (webtiles) character file.

Game seed: 15322420358956726876

2 Azuregosa the Sneak (level 1, 0/16 HPs)
             Began as an Octopode Delver on Oct 23, 2023.
             Slain by Ijyb
             ... wielding a +8 club
              (12 damage)
             ... on level 4 of the Dungeon.
             The game lasted 00:00:49 (89 turns).

Azuregosa the Sneak (Octopode Delver)                 Turns: 89, Time: 00:00:49

Health: 0/16       AC:  1    Str: 11    XL:     1   Next: 30%
Magic:  1/1        EV: 13    Int: 12    God:
Gold:   23         SH:  0    Dex: 19    Spells: 0/0 levels left

rFire   . . .        a - +0 falchion
rCold   . . .        (no shield)
rNeg    . . .        (helmet restricted)
rPois   .            (no amulet)
rElec   .            c - +6 ring of dexterity
rCorr   .            (no ring)
SInv    .            (no ring)
Will    .....        (no ring)
Stlth   +++++        (no ring)
HPRegen 0.22/turn    (no ring)
MPRegen 0.07/turn    (no ring)
                     (no ring)

%: no passive effects
@: no status effects
A: almost no armour, amphibious, 8 rings, camouflage 1, gelatinous body 1,
(nimble swimmer 1), tentacles
a: no special abilities


You were on level 4 of the Dungeon.
You visited 1 branch of the dungeon, and saw 2 of its levels.

You collected 23 gold pieces.

Inventory:

Hand Weapons
 a - a +0 falchion (weapon)
Jewellery
 c - a +6 ring of dexterity (left tentacle)
Wands
 f - a wand of digging (3)
Scrolls
 b - a scroll of fog
 d - a scroll of fear
 g - a scroll of silence {unknown}
Potions
 e - a potion of haste


   Skills:
 + Level 3.0 Fighting
 + Level 2.1 Long Blades
 - Level 2.0 Dodging
 - Level 6.6 Stealth


You couldn't memorise any spells.
You didn't know any spells.
Your spell library was empty.

Dungeon Overview and Level Annotations

Branches:
Dungeon (5/15)
 Temple: D:4-7

Altars:
Gozag

Shops:
D:4 !

Annotations:
D:4 Ijyb, Pikel


Innate Abilities, Weirdness & Mutations

You cannot wear most types of armour.
You are amphibious.
You can wear up to eight rings at the same time.
Your skin changes colour to match your surroundings (Stealth+).
Your rubbery body absorbs attacks. (AC +1, EV +1)
((You are camouflaged when in or above water. (Stealth+)))
You have tentacles for arms and can constrict up to eight enemies at once.


Message History

A kobold comes into view. It is wielding a +0 short sword.
You hit the kobold.
You kill the kobold!
You see here a +0 short sword.
Found Ylopnain's Distillery.
A giant cockroach comes into view.
There is an escape hatch in the ceiling here.
Found 3 gold pieces.
You now have 1 gold piece.
Found a scroll labelled FIETWY OHEIPS.
You now have 3 gold pieces (gained 2).
You now have 5 gold pieces (gained 2).
You now have 6 gold pieces (gained 1).
You now have 8 gold pieces (gained 2).
You now have 9 gold pieces (gained 1).
You now have 11 gold pieces (gained 2).
You now have 12 gold pieces (gained 1).
There is an opulent altar of Gozag here.
You curl up in front of the altar of Gozag.
Gozag does not accept service from beggars like you!
The service fee for joining is currently 49 gold; you only have 12.
g - a scroll labelled FIETWY OHEIPS
Found a robe.
Found an embroidered cloak.
You see here a +0 robe.
Ijyb the Twisted Goblin comes into view.
She is wielding a +8 club and carrying a wand of acid.
Found a lumpy grey potion.
You see here 11 gold pieces.
You now have 23 gold pieces (gained 11).
You hit Ijyb. You grab Ijyb. You squeeze Ijyb.
Ijyb is moderately wounded.
You constrict Ijyb. Ijyb closely misses you.
You hit Ijyb.
Ijyb is heavily wounded.
You constrict Ijyb, but do no damage. Ijyb hits you with a +8 club.
You hit Ijyb.
Ijyb is almost dead.
You constrict Ijyb. Ijyb hits you with a +8 club!
Ouch! That really hurt!
You die...

........# ###.#.#.# #
#.#.#.# ###.#.#.#
......#.# .
.####.#.##### ...
..###.#.[...# ######....
......#.....###.........
###.............@g....#
.........#............#
.........#............#
........##...[........#
......................+
###..#######.........!#
# #..# #..........# .#
#.....###... ##


You could see Ijyb.

Vanquished Creatures
  A hobgoblin (D:4)
  A kobold (D:4)
2 creatures vanquished.

Notes
Turn   | Place    | Note
-------+----------+-------------------------------------------
     0 | D:5      | Azuregosa the Octopode Delver began the quest for the Orb.
     0 | D:5      | Reached XP level 1. HP: 16/16 MP: 1/1
     9 | D:4      | Noticed a lemure
     9 | D:4      | Noticed a lemure
    10 | D:4      | Noticed Pikel
    19 | D:4      | Found an opulent altar of Gozag.
    26 | D:4      | Found Ylopnain's Distillery.
    81 | D:4      | Noticed Ijyb
    89 | D:4      | Slain by Ijyb

Illustrated notes

Levels and vault maps discovered:
D:4:      layout_basic, nicolae_gozag_seed_capital, serial_shops,
          nicolae_diamond_shop, minmay_quadrilaterals, uniq_pikel, uniq_ijyb
D:5:      layout_cave_pools, marbit_many_paths, minmay_misc_feat_five,
          minmay_fractal_squares_5

Action                     || total
---------------------------++-------
  Melee: Falchion          ||     6
         Constrict         ||     2
         Tentacles         ||     1
    Use: Scroll            ||     1
 Armour: Skin              ||     3
  Dodge: Dodged            ||     2

Table legend: (Time is in decaauts)
 A = Elapsed time spent in this place.
 B = Non-inter-level travel time spent in this place.
 C = Inter-level travel time spent in this place.
 D = Time resting spent in this place.
 E = Time spent auto-exploring this place.
 F = Levels seen in this place.
 G = Mean time per level.
                   A        B        C        D        E       F      G
               +--------+--------+--------+--------+--------+-----+--------+
         Total |     89 |     89 |      0 |      0 |     15 |   2 |   44.5 |
       Dungeon |     89 |     89 |      0 |      0 |     15 |   2 |   44.5 |
               +--------+--------+--------+--------+--------+-----+--------+

Top non-repeatable levels by time:
     D:4: 81 daAuts
     D:5: 8 daAuts
